Map: Jagannatha LE

Players

Geralt (Gerald)

  • Race: Protoss Protoss
  • League: Grandmaster
  • Spawn Location: 1:00

Lambo - Winner!

  • Race: Zerg Zerg
  • League: Grandmaster
  • Spawn Location: 7:00

Event: StayAtHome Story Cup #3

VOD

Have the link to the VOD?

Description

Time

  • Played on: March 11, 2021, 7:58 a.m.
  • Length: 8:23

All games in this series

Show
View Real Time Build Order
Export as new Build Order

Geralt Protoss 

Build Orders: 1 Gate Expand, Oracle Opening 

Get SALT Encoding   

  12  0:00  Probe  
  13  0:12  Probe  
  14  0:20  Pylon  
  14  0:24  Probe (Chrono Boost)  
  15  0:38  Probe (Chrono Boost)  
  15  0:39  Gateway  
  16  0:46  Probe (Chrono Boost)  
  16  0:48  Assimilator  
  17  0:53  Probe  
  18  1:06  Probe  
  19  1:18  Probe  
  20  1:26  Nexus  
  20  1:33  Cybernetics Core  
  20  1:36  Probe  
  21  1:41  Assimilator  
  21  1:48  Probe  
  21  1:51  Pylon  
  22  2:00  Probe  
  23  2:08  Stalker (Chrono Boost)  
  23  2:12  Probe  
  26  2:23  Stargate  
  26  2:24  Probe  
  26  2:29  Adept (Chrono Boost)  
  27  2:36  Probe  
  30  2:39  Probe  
  30  2:41  Warp Gate  
  30  2:49  Probe  
  30  2:51  Probe, Adept  
  34  3:01  Probe  
  34  3:03  Probe  
  36  3:07  Pylon  
  36  3:08  Oracle (Chrono Boost)  
  39  3:13  Probe  
  39  3:16  Probe  
  41  3:25  Probe  
  42  3:28  Probe  
  42  3:32  Gateway  
  43  3:37  Probe  
  43  3:40  Probe  
  45  3:46  Twilight Council  
  45  3:49  Probe  
  45  3:52  Probe  
  47  3:56  Pylon  
  47  4:00  Gateway  
  47  4:01  Probe  
  47  4:02  Gateway  
  48  4:04  Probe  
  48  4:08  Void Ray (Chrono Boost)  
  48  4:09  Pylon  
  49  4:13  Probe  
  50  4:19  Probe  
  55  4:30  Resonating Glaives (Chrono Boost)  
  55  4:31  Probe x2, Nexus  
  57  4:38  Assimilator  
  57  4:42  Adept x2  
  57  4:44  Probe  
  62  4:47  Pylon  
  62  4:52  Probe  
  63  4:56  Probe  
  63  4:57  Pylon  
  64  5:03  Adept x3  
  64  5:05  Probe  
  71  5:14  Adept  
  71  5:15  Probe  
  71  5:16  Pylon  
  71  5:17  Probe  
  75  5:27  Probe  
  75  5:28  Adept x3  
  78  5:29  Probe  
  78  5:32  Robotics Facility  
  83  5:36  Adept  
  83  5:39  Probe  
  83  5:41  Probe  
  87  5:45  Probe  
  84  5:50  Adept  
  84  5:51  Probe, Adept  
  84  5:53  Probe  
  90  5:57  Probe  
  90  6:00  Blink (Chrono Boost)  
  90  6:03  Probe  
  92  6:05  Probe  
  92  6:07  Robotics Facility  
  93  6:11  Assimilator, Forge  
  93  6:14  Probe, Assimilator  
  93  6:16  Pylon  
  94  6:20  Immortal (Chrono Boost)  
  98  6:26  Robotics Bay  
  98  6:32  Shield Battery  
  98  6:34  Shield Battery  
  90  6:40  Stalker  
  90  6:41  Stalker x2  
  90  6:43  Shield Battery  
  88  6:54  Immortal (Chrono Boost)  
  92  7:03  Stalker  
  92  7:06  Photon Cannon  
  92  7:07  Pylon, Shield Battery  
  94  7:08  Pylon  
  94  7:09  Photon Cannon  
  94  7:10  Photon Cannon, Stalker x2  
  98  7:18  Zealot  
  100  7:30  Probe  
  74  7:37  Stalker  
  74  7:38  Stalker x2  
  74  7:42  Probe  
  75  7:50  Robotics Facility  
  75  7:51  Probe  
  66  7:54  Robotics Facility  
  61  7:59  Stalker x2  
  62  8:08  Stalker  
  64  8:17  Stalker  
Show
View Real Time Build Order
Export as new Build Order

Lambo Zerg - Winner!

Build Orders: Hatch First 

Get SALT Encoding   

  12  0:00  Drone  
  13  0:12  Overlord  
  13  0:16  Drone  
  14  0:30  Drone x2  
  16  0:48  Hatchery  
  15  0:51  Drone  
  15  0:54  Drone  
  17  0:58  Drone  
  18  1:08  Extractor  
  17  1:13  Spawning Pool  
  17  1:16  Drone  
  17  1:20  Drone  
  18  1:29  Drone  
  19  1:45  Drone  
  20  1:50  Drone  
  21  2:02  Queen x2, Zergling x2  
  21  2:03  Overlord  
  26  2:10  Drone  
  26  2:12  Drone  
  26  2:14  Metabolic Boost  
  28  2:21  Zergling x2  
  29  2:23  Drone  
  30  2:33  Drone  
  31  2:37  Hatchery  
  31  2:39  Drone  
  31  2:45  Drone  
  31  2:46  Overlord  
  32  2:55  Queen  
  32  2:57  Drone  
  35  2:59  Drone  
  36  3:07  Drone  
  36  3:09  Zergling x2  
  36  3:10  Zergling x2  
  36  3:12  Queen  
  39  3:17  Overlord  
  39  3:18  Drone x2  
  43  3:22  Drone  
  44  3:32  Overlord  
  44  3:35  Queen  
  44  3:36  Drone  
  44  3:39  Drone  
  48  3:41  Overlord  
  48  3:42  Zergling x4  
  48  3:44  Spore Crawler  
  48  3:48  Spore Crawler  
  49  3:50  Drone x3  
  49  3:52  Drone  
  52  3:59  Drone  
  52  4:00  Queen  
  55  4:03  Evolution Chamber  
  55  4:04  Drone  
  55  4:05  Drone  
  55  4:06  Drone  
  55  4:08  Drone x2  
  59  4:13  Drone x2  
  62  4:18  Drone x2  
  64  4:28  Drone x4  
  67  4:31  Drone  
  67  4:33  Roach Warren  
  67  4:34  Lair  
  67  4:37  Extractor, Drone  
  67  4:38  Drone  
  68  4:39  Extractor, Drone  
  68  4:43  Drone  
  68  4:45  Drone x4  
  73  4:47  Overlord  
  73  4:53  Overlord  
  73  4:54  Overlord  
  73  4:55  Overlord  
  73  4:57  Overlord  
  73  5:02  Overlord  
  73  5:03  Extractor, Overlord  
  73  5:05  Overlord  
  73  5:06  Overlord  
  72  5:16  Drone x3  
  72  5:17  Overlord  
  72  5:18  Drone x2  
  72  5:19  Extractor, Drone  
  72  5:20  Roach  
  72  5:21  Overlord  
  79  5:26  Roach x2  
  80  5:32  Roach x4  
  80  5:34  Glial Reconstitution  
  88  5:39  Roach x2  
  92  5:44  Roach x3  
  92  5:48  Roach x2  
  92  5:49  Roach  
  104  5:52  Roach  
  104  5:53  Roach  
  104  5:54  Overlord  
  104  5:56  Roach  
  110  5:59  Roach  
  111  6:05  Roach x2  
  111  6:07  Pneumatized Carapace  
  111  6:09  Overlord  
  111  6:10  Roach x2  
  119  6:15  Queen  
  119  6:17  Roach x2  
  125  6:19  Overlord  
  125  6:20  Overlord  
  125  6:27  Overlord  
  125  6:30  Overlord  
  125  6:31  Roach  
  125  6:32  Roach x2  
  131  6:39  Roach x4  
  139  6:44  Roach x3  
  144  6:48  Roach x2  
  146  6:54  Roach x2  
  146  6:56  Roach x2  
  146  7:00  Ravager x4  
  158  7:01  Overlord  
  158  7:03  Zergling x4  
  158  7:05  Ravager  
  158  7:06  Overlord  
  161  7:08  Overlord  
  161  7:09  Zergling x2  
  161  7:11  Ravager  
  161  7:13  Zergling x4  
  165  7:18  Zergling x8  
  165  7:22  Zergling x2, Roach  
  167  7:27  Zergling x10  
  170  7:34  Roach x3  
  165  7:38  Roach x2  
  158  7:48  Roach x4  
  163  7:53  Overlord  
  163  7:57  Ravager x2  
  160  8:01  Zergling x2  
Tags
 
Add a new tag
Caveats
  • Supply blocks, unpowered buildings, or Contaminate may cause inaccurate times.
  • Supply counts are checked every 10 seconds.